Description

macro

Replay - B2GM - ZvZ - Platinum 1 - Game 3

Build Order

Get SALT Encoding   

  12  0:01  Drone  
  13  0:13  Overlord  
  13  0:17  Drone  
  14  0:31  Drone x2  
  16  0:50  Hatchery  Send drone at 185 minnerals
  15  0:59  Drone x2  
  17  1:15  Spawning Pool  
  17  1:16  Drone x3  
  19  1:32  Extractor  
  18  1:35  Drone  
  20  2:03  Queen x2  
  24  2:11  Zergling x4  
  28  2:24  Overlord  
  28  2:42  Queen, Lair  
  30  2:47  Overlord  
  44  3:25  Roach Warren  
  44  3:26  Evolution Chamber  
  42  3:28  Extractor  
  42  3:36  Evolution Chamber  
  43  3:43  Overlord x2  
  43  4:02  Extractor  
  46  4:04  Glial Reconstitution  
  46  4:08  Zerg Missile Weapons Level 1  
  52  4:26  Roach x2  
  56  4:34  Roach x3  
  62  4:38  Extractor  
  61  4:50  Roach x2, Hatchery  
  65  4:55  Overseer  
  65  5:11  Roach x3  
  79  5:32  Zerg Ground Armor Level 1  
  79  5:35  Hydralisk Den  
  79  5:41  Extractor  
  82  5:54  Extractor x2  
  82  6:03  Zerg Missile Weapons Level 2  
  83  6:10  Lurker Den  
  105  6:53  Grooved Spines  
  106  6:58  Hatchery  
  124  7:18  Overseer  
  124  7:27  Zerg Ground Armor Level 2  
  134  7:33  Infestation Pit  
  166  8:26  Hydralisk x6  
  178  8:28  Muscular Augments  
  178  8:30  Hive  
  178  8:35  Hydralisk x3, Extractor  
  183  8:42  Hatchery  
  184  8:57  Hydralisk  
  198  9:03  Pneumatized Carapace  
  198  9:05  Overseer x2  
  199  9:22  Spine Crawler x3  
  196  9:28  Spine Crawler x3  
Spawning Tool Build Advisor. Get it on Overwolf

Analysis

macro

Go to:

Details

  • Created by: crazyspaz
  • Published on: May 28, 2020
  • Modified on: May 28, 2020
  • Patch: 4.11.0
  • Difficulty: Easy
Show
View Real Time Build Order
Export as new Build Order

Comments (0)

There are no comments. Be the first!

Create an account to comment!